 Dungeon Crawl Stone Soup version 0.24.0-37-gcf1ca852f1 (webtiles) character file.

Game seed: 13699094252101283130, levelgen mode: deterministic

73 grindst0ne the Gusty (level 4, -4/27 HPs)
             Began as a Tengu Wanderer on Dec 5, 2019.
             Slain by a bullfrog (5 damage)
             ... on level 2 of the Dungeon.
             The game lasted 00:02:44 (1409 turns).

grindst0ne the Gusty (Tengu Wanderer)               Turns: 1409, Time: 00:02:45

Health: -4/27      AC:  6    Str:  9 (12) XL:     4   Next: 27%
Magic:  6/6        EV: 14    Int: 11 (13) God:
Gold:   98         SH:  0    Dex: 18 (19) Spells: 5/5 levels left

rFire    + . .     SeeInvis .   u - +0 war axe
rCold    . . .     Gourm    .   (no shield)
rNeg     . . .     Faith    .   v - +0 scale mail
rPois    .         Spirit   .   (helmet restricted)
rElec    .         Reflect  .   (no cloak)
rCorr    .         Harm     .   (no gloves)
MR       .....                  (boots unavailable)
Stlth    ++........             (no amulet)
HPRegen  0.09/turn              g - ring of flight
MPRegen  0.10/turn              (no ring)

@: agile
A: beak, talons 3, fire resistance 1, MP-powered wands
a: Evoke Flight


You were on level 2 of the Dungeon.
You were not hungry.

You visited 1 branch of the dungeon, and saw 3 of its levels.

You collected 98 gold pieces.

Inventory:

Hand Weapons
 a - a +0 falchion
 d - a +0 spear
 s - a +0 rapier
 u - a +0 war axe (weapon)
Missiles
 b - a throwing net (quivered)
 r - 3 atropa-tipped darts
Armour
 c - a +0 leather armour
 v - a +0 scale mail (worn)
Jewellery
 g - a ring of flight (left hand)
 h - an uncursed amulet of the gourmand {unknown}
Scrolls
 e - 2 scrolls of teleportation {unknown}
 j - 3 scrolls of enchant weapon {unknown}
 k - a scroll of amnesia {unknown}
 n - a scroll of immolation {unknown}
 o - a scroll of identify {unknown}
 q - a scroll of remove curse {unknown}
 t - a scroll of enchant armour {unknown}
 y - a scroll of blinking {unknown}
Potions
 l - 2 potions of degeneration
 m - a potion of mutation
 p - a potion of heal wounds {unknown}
 w - a potion of magic {unknown}
 z - a potion of agility
Comestibles
 f - 4 rations
 x - 4 chunks of flesh


   Skills:
 + Level 2.3 Fighting
 + Level 1.0(1.7) Axes
 - Level 2.1(2.3) Polearms
 + Level 2.6 Armour
 - Level 2.1 Dodging
 - Level 1.0 Stealth
   Level 2.0 Shields
 - Level 1.0 Spellcasting
   Level 2.6 Air Magic


You had 5 spell levels left.
You didn't know any spells.
Your spell library was empty.

Dungeon Overview and Level Annotations

Branches:
Dungeon (3/15)

Altars:
Ashenzari
Dithmenos
Zin


Innate Abilities, Weirdness & Mutations

You have a beak for a mouth.
You have claws for feet.
Your flesh is heat resistant. (rF+)
You expend magic power (3 MP) to strengthen your wands.


Message History

You hit the bullfrog but do no damage.
The bullfrog is heavily wounded.
You barely miss the orc. The bullfrog hits you.
* * * LOW HITPOINT WARNING * * *
The orc completely misses you.
The bullfrog hits you but does no damage.
It was a potion of agility.
You feel agile all of a sudden. The bullfrog closely misses you.
The orc closely misses you.
You miss the bullfrog. You claw the bullfrog. You peck the bullfrog.
The bullfrog is almost dead.
You hit the orc. The bullfrog closely misses you. The orc misses you.
The bullfrog hits you.
* * * LOW HITPOINT WARNING * * *
The orc closely misses you.
You closely miss the bullfrog.
The bullfrog is almost dead.
You hit the orc but do no damage. The bullfrog completely misses you.
The bullfrog hits you.
You die...

##########
#...(....<
#.########
########### #.#
(.........########
#.#####
...............F@#
#.....#
........#[..####o#
#####.#
####........# #.#
#.....#
.<##(......(# #.#
#.#####
####.......##
#.##### #.#
#.......# #.....#
#.# #...#####
#.....###.# #...#
#......##.#
####...#
##...._##.####


You could see a bullfrog and an orc.

Vanquished Creatures
  A hound (D:2)
  A worm (D:2)
  2 dart slugs
  2 leopard geckos
  2 giant cockroaches (D:2)
  2 goblins (D:1)
  6 hobgoblins
  6 jackals (D:2)
  3 kobolds
  4 bats
  2 frilled lizards
  3 rats
34 creatures vanquished.

Notes
Turn   | Place    | Note
-------+----------+-------------------------------------------
     0 | D:1      | grindst0ne the Tengu Wanderer began the quest for the Orb.
     0 | D:1      | grindst0ne set off with the following items: a +0 falchion,
                  | 2 throwing nets, a +0 leather armour, a +0 spear, a ration
     0 | D:1      | Reached XP level 1. HP: 10/10 MP: 3/3
   107 | D:1      | Reached skill level 1 in Armour
   126 | D:1      | Reached skill level 1 in Fighting
   126 | D:1      | Reached XP level 2. HP: 14/16 MP: 4/4
   473 | D:2      | Reached XP level 3. HP: 3/21 MP: 5/5
   737 | D:2      | Found a glowing silver altar of Zin.
  1122 | D:2      | Found a shadowy altar of Dithmenos.
  1125 | D:2      | Reached skill level 1 in Axes
  1125 | D:2      | Reached XP level 4. HP: 22/26 MP: 6/6
  1126 | D:2      | Found a shattered altar of Ashenzari.
  1390 | D:3      | Noticed a bullfrog
  1404 | D:2      | Gained mutation: Your flesh is heat resistant. (rF+)
                  | [potion of mutation]
  1404 | D:2      | Gained mutation: You expend magic power (3 MP) to
                  | strengthen your wands. [potion of mutation]
  1408 | D:2      | HP: 1/27 [bullfrog (6)]
  1409 | D:2      | Slain by a bullfrog

Levels and vault maps discovered:
D:1:      eino_arrival_cavern_d, layout_rooms
D:2:      layout_basic, overflow_temple_1_default,
          gammafunk_temple_overflow_pools, kennysheep_donut
D:3:      layout_rooms, nicolae_overflow_hidden_temple,
          chequers_serial_rivers_small_a

Skill      XL: |  1  2  3 |
---------------+----------+-----
Armour         | 1 2 |  2.6
Fighting       | 1 2 |  2.3
Axes           | 1 |  1.0
Polearms       | |  2.1
Dodging        | |  2.1
Stealth        | |  1.0
Shields        | |  2.0
Spellcasting   | |  1.0
Air Magic      | |  2.6

Action                   |  1- 3 |  4- 6 || total
-------------------------+-------+-------++-------
Melee: Falchion          |    62 |       ||    62
       Kick              |    15 |     5 ||    20
       Peck              |    15 |     2 ||    17
       War axe           |     6 |    22 ||    28
Throw: Throwing net      |     2 |       ||     2
  Use: Potion            |       |     5 ||     5
 Stab: Held in net/web   |     1 |       ||     1
  Eat: Chunk             |     1 |     1 ||     2
Armor: Leather armour    |     8 |       ||     8
       Scale mail        |     1 |    25 ||    26
Dodge: Dodged            |    43 |    32 ||    75
       Rpst.: Falchion   |    14 |       ||    14
